 Dungeon Crawl Stone Soup version 0.19.4-8-ga85b6b9 (webtiles) character file.

12492 Kosschaser the Covert (level 11, 0/56 HPs)
             Began as a Vine Stalker Assassin on Feb 13, 2017.
             Slain by Sonja
             ... wielding a +0 short sword of venom
              (2 damage)
             ... on level 13 of the Dungeon.
             The game lasted 01:19:46 (9808 turns).

Kosschaser the Covert (Vine Stalker Assassin)       Turns: 9808, Time: 01:19:46

Health: 0/56       AC:  5    Str: 15    XL:     11   Next: 94%
Magic:  0/12       EV: 21    Int: 11    God:
Gold:   604        SH:  0    Dex: 18    Spells: 1 memorised, 8 levels left

rFire  . . .     SeeInvis +     f - +5 dagger (chaos)
rCold  . . .     Gourm    .     (no armour)
rNeg   . . .     Faith    .     (no shield)
rPois  .         Spirit   +     H - +0 helmet
rElec  .         Reflect  .     d - +0 cloak
rCorr  .         Harm     .     m - +2 pair of gloves
MR     +....                    (no boots)
Stlth  ++++++....               N - amulet of magic regeneration
                                u - +4 ring of evasion
                                r - ring of see invisible

@: no status effects
A: fangs 3, regeneration 1, evolution 1, magic shield, antimagic bite, no device
heal 3, rot immunity
a: no special abilities


You were on level 13 of the Dungeon.
You were not hungry.

You visited 2 branches of the dungeon, and saw 12 of its levels.

You collected 604 gold pieces.

Inventory:

Hand Weapons
 b - a +0 blowgun
 f - a +5 dagger of chaos (weapon)
 t - a +2 dagger of venom
Missiles
 e - 5 poisoned needles
 v - 5 tomahawks
 y - a tomahawk of returning (quivered)
 I - 4 javelins
 K - a curare-tipped needle
Armour
 d - a +0 cloak (worn)
 m - a +2 pair of gloves (worn)
 s - a +2 robe of fire resistance
 H - a +0 helmet (worn)
 J - a +1 robe of resistance
 Q - a +0 troll leather armour
Jewellery
 c - a +2 ring of dexterity
 o - a +3 ring of strength
 r - a ring of see invisible (left hand)
 u - a +4 ring of evasion (right hand)
 z - an uncursed ring of fire
 N - an amulet of magic regeneration (around neck)
Scrolls
 k - 3 scrolls of recharging
 q - a scroll of immolation {unknown}
 A - 4 scrolls of remove curse
 E - a scroll of enchant armour {unknown}
 L - a scroll of acquirement {unknown}
 M - a scroll of magic mapping {unknown}
 R - a scroll of amnesia
Potions
 h - 3 potions of curing
 j - a potion of heal wounds
 n - a potion of cancellation
 p - a potion of magic {unknown}
 x - a potion of cure mutation
 B - a potion of lignification {unknown}
 C - 2 potions of degeneration
 F - 2 potions of flight {unknown}
 O - a potion of mutation {unknown}
 P - a potion of brilliance {unknown}
 S - a potion of agility {unknown}
 T - a potion of haste {unknown}
Books
 G - a book of Minor Magic

   Spells                             Type                      Level
   a - Magic Dart                     Conjuration                  1
   b - Blink                          Translocation                2
   c - Call Imp                       Summoning                    2
   d - Repel Missiles                 Charms/Air                   2
   e - Slow                           Hexes                        2
   f - Conjure Flame                  Conjuration/Fire             3
   g - Mephitic Cloud                 Conjuration/Poison/Air       3
Comestibles
 a - 10 slices of pizza
 g - 9 bread rations
 i - 14 fruits
 l - a royal jelly
 w - 4 meat rations


   Skills:
 + Level 5.9 Fighting
 + Level 8.2 Short Blades
 + Level 8.5 Throwing
 + Level 6.7 Dodging
 + Level 13.2 Stealth


You had 8 spell levels left.
You knew the following spells:

 Your Spells              Type           Power        Failure   Level  Hunger
a - Slow                  Hex            #.......     56%         2    ###....


Dungeon Overview and Level Annotations

Branches:
Dungeon (13/15)              Lair (0/6) D:8             Orc (1/2) D:11
 Temple: D:4-7       Vaults: D:13-14

Altars:
Cheibriados
Elyvilon
Fedhas
Nemelex Xobeh
Trog
Vehumet
Xom
The Shining One

Shops:
D:11 [

Annotations:
D:3 exclusions: oklob plant and 1 more exclusion
D:13 Sonja


Innate Abilities, Weirdness & Mutations

You have razor-sharp teeth.
Your natural rate of healing is unusually fast.
When hurt, damage is shared between your health and your magic reserves.
Your bite disrupts and absorbs the magic of your enemies.
Potions and wands cannot restore your health.
You are immune to rotting.
You evolve.


Message History

Sonja is heavily wounded.
You feel sick. Sonja barely misses you.
Sonja hits you with an uncursed short sword of venom!
You are more poisoned.
Sonja misses you.
The red devil throws a tomahawk.
The tomahawk misses you.
An orc priest comes into view. It is wielding a trident.
You feel sick.
Sonja unwields an uncursed short sword of venom.
It stops dripping with poison.
Sonja wields an uncursed blowgun.
Sonja shoots a curare-tipped needle.
The curare-tipped needle misses you.
The hill giant hits you with a giant spiked club!!
* * * LOW HITPOINT WARNING * * *
The orc priest shouts!
You hear a shout!
You see here a curare-tipped needle.
Your system rejects the healing.
You feel better.
Sonja unwields an uncursed blowgun.
Sonja wields an uncursed short sword of venom.
It begins to drip with poison!
Sonja barely misses you.
Sonja hits you with an uncursed short sword of venom.
You die...

###.#.......#
....#
##...#.......#
..≈.?
#..≈.#..######
.≈≈.#.#.≈≈.#..#
..oo$$......[.#
#..####.....#
#..4...#....#
#...CK(#.......#
#....@.#....?..#
#####+##.......#
........#
.........#
##########


You could see a hill giant, a red devil, Sonja, an orc priest and an orc.

Vanquished Creatures
  Erolcha (D:9)
  5 hill giants
  A cyclops (D:12)
  Psyche (D:9)
  3 komodo dragons (D:8)
  2 polar bears (D:11)
  3 trolls
  A two-headed ogre (D:8)
  2 hornets
  A hippogriff (D:11)
  A spriggan (D:10)
  A wyvern (D:12)
  A shadow (D:12)
  A wraith (D:12)
  Grum (D:9)
  A steam dragon (D:8)
  A warg (D:11)
  A vampire mosquito (D:13)
  A soldier ant (D:10)
  A water moccasin (D:10)
  8 orc warriors
  An ice beast (D:4)
  4 ogres
  3 sky beasts
  4 wolves (D:9)
  A necrophage (D:8)
  2 phantoms (D:11)
  An eye of draining (D:10)
  3 centaurs (D:10)
  A crocodile (D:8)
  6 bullfrogs
  A gnoll sergeant (D:10)
  2 scorpions
  4 killer bees
  4 wights (D:8)
  A howler monkey (D:4)
  3 crimson imps
  2 electric eels (D:11)
  3 jellies
  2 centaur skeletons
  3 hounds
  2 bullfrog skeletons
  4 orc priests
  Terence (D:2)
  4 iguanas (D:8)
  12 orc wizards
  5 worker ants
  A hound zombie (D:11)
  A hound skeleton (D:8)
  3 gnolls (D:10)
  7 adders
  4 shadow imps
  A white imp (D:4)
  An ooze (D:2)
  A worm (D:2)
  A dart slug (D:2)
  2 leopard geckos (D:8)
  34 orcs
  6 giant cockroaches
  4 goblins
  8 hobgoblins
  9 jackals
  7 kobolds
  6 quokkas
  A ball python (D:3)
  11 bats
  3 frilled lizards
  2 goblin skeletons (D:4)
  3 goblin zombies (D:4)
  3 hobgoblin zombies (D:4)
  A kobold skeleton (D:4)
  2 kobold zombies (D:4)
  A quokka skeleton (D:5)
  5 rats
245 creatures vanquished.

Vanquished Creatures (others)
  A killer bee (D:11)
  23 toadstools (D:3)
24 creatures vanquished.

Grand Total: 269 creatures vanquished

Notes
Turn   | Place    | Note
-------+----------+-------------------------------------------
     0 | D:1      | Kosschaser the Vine Stalker Assassin began the quest for the Orb.
     0 | D:1      | Reached XP level 1. HP: 11/11 MP: 2/2
   357 | D:1      | Reached skill level 5 in Stealth
   366 | D:1      | Reached XP level 2. HP: 15/15 MP: 3/3
   881 | D:2      | Reached XP level 3. HP: 9/18 MP: 2/4
   985 | D:2      | Found a white marble altar of Elyvilon.
  1258 | D:2      | Reached skill level 1 in Dodging
  1260 | D:2      | Noticed Terence
  1289 | D:2      | Killed Terence
  1289 | D:2      | Gained mutation: Your natural rate of healing is unusually fast. [Vine Stalker growth]
  1289 | D:2      | Reached XP level 4. HP: 7/23 MP: 2/5
  1702 | D:3      | Found a snail-covered altar of Cheibriados.
  1785 | D:3      | Reached skill level 6 in Stealth
  1785 | D:3      | Reached XP level 5. HP: 17/26 MP: 3/6
  2274 | D:3      | Found a blossoming altar of Fedhas.
  2288 | D:3      | Noticed an oklob plant
  2698 | D:4      | Found a shimmering altar of Xom.
  2724 | D:4      | Noticed an orc warrior
  2727 | D:5      | Entered Level 5 of the Dungeon
  2790 | D:5      | Noticed an ice beast
  2803 | D:4      | Found a sparkling altar of Nemelex Xobeh.
  2803 | D:4      | Found a radiant altar of Vehumet.
  2934 | D:5      | Reached XP level 6. HP: 32/32 MP: 7/7
  3021 | D:4      | Reached skill level 7 in Stealth
  3038 | D:4      | Killed an orc warrior
  3142 | D:4      | Reached XP level 7. HP: 35/35 MP: 8/8
  3193 | D:4      | Found a glowing golden altar of the Shining One.
  4018 | D:5      | Found a shimmering altar of Xom.
  4395 | D:5      | You fall through a shaft for 3 floors!
  4404 | D:8      | Reached skill level 8 in Stealth
  4615 | D:8      | Gained mutation: You have razor-sharp teeth. [Vine Stalker growth]
  4615 | D:8      | Reached XP level 8. HP: 40/40 MP: 9/9
  5018 | D:8      | Reached skill level 5 in Short Blades
  5289 | D:8      | Reached skill level 9 in Stealth
  5415 | D:8      | Noticed a komodo dragon
  5464 | D:8      | Noticed a komodo dragon
  5488 | D:8      | Killed a komodo dragon
  5570 | D:8      | Killed a komodo dragon
  5570 | D:8      | Reached skill level 10 in Stealth
  5570 | D:8      | Reached XP level 9. HP: 44/44 MP: 10/10
  5610 | D:8      | Reached skill level 5 in Throwing
  5857 | D:8      | Noticed a komodo dragon
  5940 | D:8      | Killed a komodo dragon
  6000 | D:8      | Found a staircase to the Lair.
  6356 | D:8      | Noticed a two-headed ogre
  6376 | D:8      | Killed a two-headed ogre
  6456 | D:9      | Noticed Grum
  6468 | D:9      | Noticed Erolcha
  6468 | D:9      | Noticed a troll
  6473 | D:10     | Entered Level 10 of the Dungeon
  6718 | D:10     | Reached XP level 10. HP: 45/49 MP: 11/11
  6807 | D:10     | Reached skill level 11 in Stealth
  6874 | D:10     | Noticed a hill giant
  6877 | D:10     | Noticed a hill giant
  6918 | D:10     | Killed a hill giant
  6999 | D:10     | Killed a hill giant
  7081 | D:10     | Learned a level 2 spell: Slow
  7200 | D:10     | Reached skill level 5 in Dodging
  7405 | D:9      | Noticed Psyche
  7419 | D:9      | Killed Psyche
  7696 | D:9      | Killed Erolcha
  7696 | D:9      | Reached skill level 5 in Fighting
  7696 | D:9      | Reached XP level 11. HP: 39/55 MP: 10/12
  7724 | D:9      | Reached skill level 12 in Stealth
  7759 | D:9      | Killed Grum
  8051 | D:11     | Found Emaxkapt's Armour Boutique.
  8229 | D:11     | Noticed a hill giant
  8231 | D:11     | Killed a hill giant
  8271 | D:11     | Found a bloodstained altar of Trog.
  8385 | D:11     | Noticed a hill giant
  8395 | D:11     | Killed a hill giant
  8607 | D:11     | Noticed a hill giant
  8609 | D:11     | Killed a hill giant
  9046 | D:11     | Gained mutation: Your magical capacity is low. (-10% MP) [mutagenic meat]
  9047 | D:11     | Gained mutation: You can translocate small distances at will. [mutagenic meat]
  9048 | D:11     | Gained mutation: You evolve. [mutagenic meat]
  9049 | D:11     | Lost mutation: You can translocate small distances at will. [mutagenic meat]
  9068 | D:11     | Found a staircase to the Orcish Mines.
  9085 | D:11     | Reached skill level 13 in Stealth
  9090 | Orc:1    | Entered Level 1 of the Orcish Mines
  9178 | Orc:1    | Noticed an orc knight
  9330 | D:12     | Noticed a cyclops
  9333 | D:12     | Killed a cyclops
  9617 | D:12     | Lost mutation: Your magical capacity is low. (-10% MP) [evolution]
  9644 | D:12     | Noticed an unseen horror
  9789 | D:13     | Noticed Sonja
  9796 | D:13     | Noticed a hill giant
  9807 | D:13     | HP: 1/56 [hill giant/giant spiked club (26)]
  9808 | D:13     | Slain by Sonja

Skill      XL: |  1  2  3  4  5  6  7  8  9 10 11 |
---------------+----------------------------------+-----
Short Blades   | 2 3 4 5 7 8 |  8.2
Stealth        | 5 6 7 8 10 11 13 | 13.2
Fighting       | 2 3 5 |  5.9
Throwing       | 2 3 4 6 7 8 |  8.5
Dodging        | 1 2 3 4 5 6 |  6.7

Action                   |  1- 3 |  4- 6 |  7- 9 | 10-12 || total
-------------------------+-------+-------+-------+-------++-------
Melee: Dagger            |    95 |   159 |   299 |   451 ||  1004
       Bite              |    22 |    45 |   128 |   153 ||   348
 Fire: Blowgun           |     6 |    13 |    21 |     9 ||    49
Throw: Throwing net      |       |     6 |       |       ||     6
       Tomahawk          |       |       |    38 |    39 ||    77
       Javelin           |       |       |       |    23 ||    23
  Use: Scroll            |       |     9 |     4 |     6 ||    19
       Potion            |       |       |       |     2 ||     2
 Stab: Sleeping          |     4 |    12 |    15 |    14 ||    45
       Distracted        |       |     4 |     1 |     2 ||     7
       Held in net/web   |       |     1 |       |       ||     1
       Petrified         |       |       |       |     2 ||     2
       Paralysed         |       |       |       |     3 ||     3
       Confused          |       |       |       |     1 ||     1
  Eat: Chunk             |     1 |     5 |    11 |    10 ||    27
       Royal jelly       |       |       |     1 |       ||     1
       Fruit             |       |       |       |     2 ||     2
       Beef jerky        |       |       |       |     1 ||     1
Armor: Robe              |    37 |    30 |    28 |    26 ||   121
       Skin              |       |       |       |    24 ||    24
Dodge: Dodged            |    47 |    65 |   158 |   313 ||   583
